[Event "Titled Tuesday Blitz June 14 Early 2022"]
[White "Aditya Mittal"]
[Black "Przybylski, Wojciech"]
[WhiteFideId "35042025"]
[BlackFideId "1117599"]
[WhiteElo "2303"]
[BlackElo "2133"]
[Result "0-1"]
[Round "01"]
[TimeControl "180+1"]
[Date "2022.06.14"]
[WhiteClock "0:00:06"]
[BlackClock "0:00:17"]

1. d4 Nf6 2. Nf3 e6 3. g3 d5 4. Bg2 Be7 5. O-O O-O 6. b3 a5 7. a3 c5 8. dxc5 Na6 9. b4 b6 10. cxb6 axb4 11. axb4 Bxb4 12. Bb2 Qxb6 13. Nbd2 Bb7 14. Nb3 Ne4 15. Bd4 Qc7 16. Be5 Qb6 17. Rb1 Nc3 18. Bxc3 Bxc3 19. Qd3 Qc7 20. Nbd4 Bxd4 21. Nxd4 Nc5 22. Qe3 Ba6 23. Rfc1 Bc4 24. Nb5 Qe7 25. Na3 Ra4 26. Nxc4 Rxc4 27. Qa3 g6 28. e3 Rc8 29. Rb4 Rxb4 30. Qxb4 Qf6 31. Rb1 Nd7 32. Qb7 Rb8 33. Qxb8+ Nxb8 34. Rxb8+ Kg7 35. h4 Qc3 36. Rb7 Qxc2 37. Bh3 Kf6 38. Bf1 h6 39. Bg2 g5 40. hxg5+ hxg5 41. Bf3 Qc4 42. Bh5 g4 43. Rxf7+ Kg5 44. Bxg4 Qc1+ 45. Kg2 Kxg4 46. Rf6 e5 47. Rd6 Qc4 48. f3+ Kg5 49. f4+ Kf5 50. g4+ Ke4 51. Re6 Qe2+ 52. Kg3 Qxe3+ 53. Kh4 Qxf4 54. Kh5 Qf7+ 55. Rg6 d4 56. g5 Kf5 0-1


[Site "https://www.chess.com"]

[Event "Titled Tuesday Blitz June 14 Early 2022"]
[White "Andreikin, Dmitry"]
[Black "Nasir, Zehn"]
[WhiteFideId "4158814"]
[BlackFideId "2613239"]
[WhiteElo "2736"]
[BlackElo "1993"]
[Result "1-0"]
[Round "01"]
[TimeControl "180+1"]
[Date "2022.06.14"]
[WhiteClock "0:01:50"]
[BlackClock "0:00:15"]

1. e4 c6 2. Nf3 d5 3. exd5 cxd5 4. Ne5 Nd7 5. d4 Ngf6 6. Bd3 g6 7. O-O Bg7 8. Bf4 O-O 9. Re1 Ne8 10. Nd2 Nxe5 11. Bxe5 Nd6 12. Qf3 Bf5 13. Bxd6 Qxd6 14. Bxf5 gxf5 15. c3 e6 16. g4 fxg4 17. Qxg4 Kh8 18. Nf3 Rg8 19. Kh1 Bf6 20. Qh5 Rg6 21. Rg1 Rag8 22. Rg3 Qf4 23. Re1 Rh6 24. Rxg8+ Kxg8 25. Rg1+ Kf8 26. Qg4 Qxg4 27. Rxg4 b5 28. Kg2 Rg6 29. h3 h5 30. Rxg6 fxg6 31. h4 a5 32. Kg3 Ke7 33. Ne5 Bxe5+ 34. dxe5 Kf7 35. Kf4 Kg7 36. Kg5 a4 37. a3 Kh7 38. Kf6 Kh6 39. f4 Kh7 40. Kxe6 g5 41. fxg5 1-0


[Site "https://www.chess.com"]

[Event "Titled Tuesday Blitz June 14 Early 2022"]
[White "Atanasov, Anthony"]
[Black "Yilmaz, Mustafa"]
[WhiteFideId "2623897"]
[BlackFideId "6302718"]
[WhiteElo "1928"]
[BlackElo "2568"]
[Result "0-1"]
[Round "01"]
[TimeControl "180+1"]
[Date "2022.06.14"]
[WhiteClock "0:01:37"]
[BlackClock "0:01:41"]

1. d4 Nf6 2. Nf3 d5 3. Bf4 Bf5 4. e3 e6 5. Bd3 Bxd3 6. cxd3 Nbd7 7. Nc3 c6 8. Qb3 Qb6 9. Qxb6 axb6 10. Ke2 Be7 11. a3 O-O 12. Ne5 b5 13. Nxd7 Nxd7 14. b4 Ra6 15. Ra2 Rfa8 16. Rha1 f6 17. Bg3 Nb6 18. Bc7 Nd7 19. Bg3 Kf7 20. Kd2 h5 21. h3 g5 22. Kc2 e5 23. dxe5 fxe5 24. Kb3 Ke6 25. e4 d4 26. Ne2 c5 27. a4 cxb4 28. axb5 Nc5+ 29. Kxb4 0-1


[Site "https://www.chess.com"]

[Event "Titled Tuesday Blitz June 14 Early 2022"]
[White "Bluebaum, Matthias"]
[Black "Baches Garcia, Guillermo"]
[WhiteFideId "24651516"]
[BlackFideId "2209764"]
[WhiteElo "2556"]
[BlackElo "2503"]
[Result "1-0"]
[Round "01"]
[TimeControl "180+1"]
[Date "2022.06.14"]
[WhiteClock "0:00:16"]
[BlackClock "0:00:08"]

1. d4 Nf6 2. Nf3 e6 3. e3 d5 4. Bd3 c5 5. b3 Nc6 6. O-O Bd6 7. Bb2 b6 8. a3 O-O 9. dxc5 bxc5 10. c4 Bb7 11. Nc3 d4 12. Ne4 e5 13. exd4 Nxd4 14. Nxd4 exd4 15. Nxd6 Qxd6 16. f3 Rfe8 17. Re1 h5 18. Qd2 h4 19. h3 Rxe1+ 20. Rxe1 Bxf3 21. Qf2 Bb7 22. Qxh4 Qc6 23. Qg5 Re8 24. Rxe8+ Nxe8 25. b4 Nf6 26. bxc5 Ne4 27. Qd8+ Kh7 28. Qxd4 Qg6 29. Qe3 f5 30. Bf1 Ng5 31. Kh2 Ne6 32. g4 Be4 33. c6 f4 34. Qxa7 Bxc6 35. Qf2 Ng5 36. Be2 f3 37. Bd1 Qd6+ 38. Be5 Qxd1 39. Qh4+ Kg8 40. Qxg5 Qe2+ 41. Kg3 f2 42. Qxg7# 1-0


[Site "https://www.chess.com"]

[Event "Titled Tuesday Blitz June 14 Early 2022"]
[White "Chylewski, Patryk"]
[Black "Paravyan, David"]
[WhiteFideId "1186191"]
[BlackFideId "4194985"]
[WhiteElo "2077"]
[BlackElo "2569"]
[Result "0-1"]
[Round "01"]
[TimeControl "180+1"]
[Date "2022.06.14"]
[WhiteClock "0:00:01"]
[BlackClock "0:00:13"]

1. d4 Nf6 2. c4 g6 3. Nc3 d5 4. cxd5 Nxd5 5. e4 Nxc3 6. bxc3 Bg7 7. Nf3 c5 8. Rb1 O-O 9. Be2 cxd4 10. cxd4 Qa5+ 11. Qd2 Qxd2+ 12. Bxd2 b6 13. Be3 Bb7 14. Nd2 Rc8 15. O-O Nc6 16. d5 Nd4 17. Bxd4 Bxd4 18. Rfc1 Kf8 19. Kf1 Ke8 20. Bb5+ Kd8 21. Ke2 a6 22. Bd3 f6 23. Nb3 Rxc1 24. Rxc1 Be5 25. g3 g5 26. f3 Kd7 27. Ke3 Bd6 28. Bf1 Ke8 29. Bh3 h5 30. Bf5 Kf7 31. Rc2 Rh8 32. Nc1 h4 33. g4 h3 34. Nd3 a5 35. f4 Ba6 36. fxg5 fxg5 37. Rf2 Bxd3 38. Kxd3 Bf4 39. Rc2 b5 40. Kd4 a4 41. e5 b4 42. Be6+ Kg6 43. Bf5+ Kf7 44. Be6+ Kg7 45. Ke4 b3 46. axb3 axb3 47. Rb2 Rb8 48. d6 Rb4+ 49. Kf3 Bxe5 50. Rxb3 Rf4+ 51. Ke2 Bxd6 52. Bf5 e6 53. Bxe6 Bc5 54. Ke1 Re4+ 55. Kf1 Rxe6 56. Rxh3 Rf6+ 57. Kg2 Rf2+ 58. Kh1 Bd6 59. Rd3 Rxh2+ 60. Kg1 Bf4 61. Rd4 Rh4 62. Re4 Rxg4+ 0-1


[Site "https://www.chess.com"]

[Event "Titled Tuesday Blitz June 14 Early 2022"]
[White "Cremisi, Daniel"]
[Black "Costachi, Mihnea"]
[WhiteFideId "2089882"]
[BlackFideId "1217518"]
[WhiteElo "2172"]
[BlackElo "2476"]
[Result "1-0"]
[Round "01"]
[TimeControl "180+1"]
[Date "2022.06.14"]
[WhiteClock "0:00:09"]
[BlackClock "0:00:10"]

1. d4 Nf6 2. c4 g6 3. Nc3 Bg7 4. e4 O-O 5. Nf3 d6 6. Be2 Na6 7. O-O e5 8. dxe5 dxe5 9. Qxd8 Rxd8 10. Bg5 Re8 11. Rfd1 c6 12. Rd6 Nd7 13. Rad1 Ndc5 14. Rd8 Bg4 15. Rxa8 Rxa8 16. h3 Bxf3 17. Bxf3 Ne6 18. Be3 Nd4 19. Bxd4 exd4 20. Ne2 c5 21. Nc1 Nb4 22. a3 Nc6 23. Nd3 b6 24. e5 Rc8 25. Bxc6 Rxc6 26. f4 f6 27. Kf2 fxe5 28. fxe5 Re6 29. Re1 g5 30. g4 h5 31. gxh5 Rh6 32. Kg3 Rxh5 33. e6 Kf8 34. Rf1+ Ke8 35. Rf7 Bf8 36. Rxa7 Bd6+ 37. Kg2 Rh6 38. Rb7 Rxe6 39. Rxb6 Kd7 40. b4 cxb4 41. c5 bxa3 42. cxd6 Rxd6 43. Nc5+ Ke7 44. Rb7+ Ke8 45. Ra7 Rc6 46. Ne4 Rc2+ 47. Kf3 a2 48. Nf2 Rd2 49. Ne4 Rb2 50. Nxg5 d3 51. Ne4 d2 52. Nf2 Kf8 53. Nd1 Rb3+ 54. Ke2 Rxh3 55. Rxa2 Rh2+ 56. Ke3 Ke7 57. Ra1 Kd6 58. Nf2 Kc5 59. Ke2 Kc4 60. Rd1 Kc3 61. Ke3 Rh8 62. Ne4+ Kc4 63. Rxd2 Rh3+ 64. Kf4 Rh4+ 65. Ke5 Rh8 66. Rd4+ Kb3 67. Rd6 Kc2 68. Re6 Rh5+ 69. Kd6 Rh1 70. Nc5 Kc3 71. Kc6 Kc4 72. Re4+ Kc3 73. Kb5 Rh6 74. Rc4+ Kd2 75. Nb3+ Ke3 76. Nc5 Rh5 77. Kb4 Rg5 78. Rc3+ Kd4 79. Ne6+ Ke5 80. Nxg5 1-0


[Site "https://www.chess.com"]

[Event "Titled Tuesday Blitz June 14 Early 2022"]
[White "Deac, Bogdan-Daniel"]
[Black "Tanriverdi, Enes"]
[WhiteFideId "1226380"]
[BlackFideId "34543279"]
[WhiteElo "2648"]
[BlackElo "2502"]
[Result "1-0"]
[Round "01"]
[TimeControl "180+1"]
[Date "2022.06.14"]
[WhiteClock "0:01:25"]
[BlackClock "0:00:30"]

1. d4 Nf6 2. Nf3 e6 3. c4 b6 4. g3 Bb7 5. Bg2 Be7 6. O-O O-O 7. h4 h6 8. Re1 d5 9. cxd5 exd5 10. Nc3 Nbd7 11. Bf4 a6 12. Ne5 Bd6 13. Qb3 Re8 14. Nd3 Bxf4 15. Nxf4 c6 16. Rac1 Rb8 17. Rc2 Nf8 18. Na4 Ba8 19. e3 Ne6 20. Nxe6 Rxe6 21. Qa3 a5 22. Rec1 g5 23. hxg5 hxg5 24. Nc3 Kg7 25. Re2 Bb7 26. Qb3 Ba6 27. Ree1 Qd6 28. Rcd1 Bc4 29. Qc2 Rbe8 30. Qf5 1-0


[Site "https://www.chess.com"]

[Event "Titled Tuesday Blitz June 14 Early 2022"]
[White "Dev, Shah"]
[Black "Sarana, Alexey"]
[WhiteFideId "35019058"]
[BlackFideId "24133795"]
[WhiteElo "2048"]
[BlackElo "2666"]
[Result "0-1"]
[Round "01"]
[TimeControl "180+1"]
[Date "2022.06.14"]
[WhiteClock "0:00:01"]
[BlackClock "0:00:57"]

1. d4 Nf6 2. c4 e6 3. g3 d5 4. Bg2 Bb4+ 5. Nd2 O-O 6. Nf3 dxc4 7. O-O b5 8. a4 c6 9. Qc2 Bb7 10. e4 Be7 11. b3 cxb3 12. Nxb3 a5 13. Rd1 Nbd7 14. Ba3 b4 15. Bb2 Qb6 16. Rac1 Rfd8 17. Nfd2 Qc7 18. Nc4 Nf8 19. Ne3 Ba6 20. Qxc6 Qxc6 21. Rxc6 Bb7 22. Rc7 Rd7 23. Rxd7 N8xd7 24. e5 Nd5 25. Nxd5 Bxd5 26. Bxd5 exd5 27. Rc1 Nb6 28. Rc7 Bf8 29. Rb7 Nxa4 30. Ba1 Nc3 31. Bxc3 bxc3 32. Rc7 a4 33. Na1 Rb8 34. Kg2 a3 35. Rxc3 Rb1 36. Nc2 Rc1 37. Rc5 0-1


[Site "https://www.chess.com"]

[Event "Titled Tuesday Blitz June 14 Early 2022"]
[White "Durarbayli, Vasif"]
[Black "Gracia Alvarez, Gerardo Antonio"]
[WhiteFideId "13402935"]
[BlackFideId "5109124"]
[WhiteElo "2528"]
[BlackElo "2139"]
[Result "1-0"]
[Round "01"]
[TimeControl "180+1"]
[Date "2022.06.14"]
[WhiteClock "0:00:20"]
[BlackClock "0:00:02"]

1. e4 c5 2. Nf3 Nc6 3. Bb5 d6 4. O-O Bd7 5. Re1 Nf6 6. c3 a6 7. Bf1 Bg4 8. d4 cxd4 9. cxd4 e5 10. d5 Nd4 11. Be3 Nxf3+ 12. gxf3 Bd7 13. a4 Be7 14. Nd2 b5 15. axb5 axb5 16. Rxa8 Qxa8 17. f4 O-O 18. fxe5 dxe5 19. Qa1 Ng4 20. Bb6 Qb7 21. Qa7 Rb8 22. Qxb7 Rxb7 23. Ba5 Bc5 24. Re2 b4 25. Nb3 Ba7 26. Rc2 f5 27. Ba6 Rb8 28. Rc7 Bxf2+ 29. Kg2 Ba4 30. h3 Bxb3 31. hxg4 Bd4 32. gxf5 Bxb2 33. Bc8 Ba4 34. d6 b3 35. Be6+ Kh8 36. d7 Bxd7 37. Rxd7 h6 38. Bc7 1-0


[Site "https://www.chess.com"]

[Event "Titled Tuesday Blitz June 14 Early 2022"]
[White "Dushyant Sharma"]
[Black "Antipov, Mikhail Al."]
[WhiteFideId "25065130"]
[BlackFideId "4107012"]
[WhiteElo "2105"]
[BlackElo "2524"]
[Result "0-1"]
[Round "01"]
[TimeControl "180+1"]
[Date "2022.06.14"]
[WhiteClock "0:00:05"]
[BlackClock "0:00:05"]

1. e4 c5 2. Nf3 d6 3. d4 cxd4 4. Nxd4 Nf6 5. Nc3 a6 6. f4 e5 7. Nf3 Nc6 8. Bd3 Bg4 9. O-O Nd4 10. Kh1 Be7 11. Qe1 Nxf3 12. gxf3 Bh5 13. Be3 O-O 14. Qg3 exf4 15. Bxf4 Bg6 16. Be3 d5 17. e5 Nh5 18. Qg1 Bxd3 19. cxd3 g6 20. d4 Qd7 21. Qg4 Rad8 22. Rg1 Ng7 23. Bh6 f6 24. Bxg7 Kxg7 25. f4 fxe5 26. fxe5 Rf2 27. Qxd7 Rxd7 28. Rg2 Rf4 29. Rd1 Bd8 30. Re2 Kf8 31. Kg2 Bb6 32. Rf2 Rxf2+ 33. Kxf2 Ke7 34. Ke3 Ke6 35. Rf1 Bd8 36. Na4 Be7 37. Rf6+ Bxf6 38. Nc5+ Kf5 39. Nxd7 Be7 40. Nb6 Ke6 41. Na4 h5 42. Nc3 g5 43. Ne2 Kf5 44. Ng3+ Kg4 45. Ne2 Kh3 46. Nc3 g4 47. Nxd5 Bg5+ 48. Ke4 Kxh2 49. Nc3 g3 50. Ne2 h4 51. d5 Kg2 52. d6 Kf2 53. Kd3 h3 54. e6 h2 55. Nxg3 Kxg3 56. e7 h1=Q 57. e8=Q Qd5+ 58. Kc3 Bf6+ 59. Kc2 Qc4+ 60. Kd1 Qd3+ 61. Kc1 Bg5+ 0-1


[Site "https://www.chess.com"]

[Event "Titled Tuesday Blitz June 14 Early 2022"]
[White "Ezat, Mohamed"]
[Black "Sadhwani, Raunak"]
[WhiteFideId "10600906"]
[BlackFideId "35093487"]
[WhiteElo "2386"]
[BlackElo "2616"]
[Result "0-1"]
[Round "01"]
[TimeControl "180+1"]
[Date "2022.06.14"]
[WhiteClock "0:00:10"]
[BlackClock "0:00:42"]

1. d4 Nf6 2. c4 g6 3. Nc3 Bg7 4. e4 d6 5. Be2 O-O 6. Bg5 Nc6 7. d5 Ne5 8. Nf3 Nxf3+ 9. Bxf3 h6 10. Bh4 e5 11. O-O a5 12. Rc1 h5 13. h3 Bh6 14. Nb5 g5 15. Bg3 g4 16. hxg4 hxg4 17. Be2 Nxe4 18. Qd3 Bxc1 19. Rxc1 f5 20. c5 Rf7 21. cxd6 cxd6 22. Qe3 Bd7 23. Nc7 Rc8 24. Ne6 Rxc1+ 25. Qxc1 Qf6 26. Bc4 b5 27. Bb3 a4 28. Bc2 Nxg3 29. fxg3 Bxe6 30. dxe6 Qxe6 31. Bd3 Kg7 32. Bxb5 Qh6 33. Qc3 f4 34. Bc4 Rc7 35. b3 axb3 36. axb3 fxg3 37. Qxg3 Qc1+ 38. Kh2 Qf4 0-1


[Site "https://www.chess.com"]

[Event "Titled Tuesday Blitz June 14 Early 2022"]
[White "Ferreira, Vitor Hugo Vieira"]
[Black "Kosakowski, Jakub"]
[WhiteFideId "2119765"]
[BlackFideId "1185080"]
[WhiteElo "2165"]
[BlackElo "2476"]
[Result "0-1"]
[Round "01"]
[TimeControl "180+1"]
[Date "2022.06.14"]
[WhiteClock "0:00:15"]
[BlackClock "0:00:27"]

1. d4 Nf6 2. c4 e6 3. Nf3 d5 4. Nc3 Bb4 5. Qa4+ Nc6 6. e3 O-O 7. Bd3 dxc4 8. Bxc4 a6 9. Qc2 Bd6 10. O-O e5 11. d5 Ne7 12. e4 Ng6 13. Ne1 Bd7 14. a4 Nh5 15. Nd3 f5 16. f3 b5 17. axb5 axb5 18. Rxa8 Qxa8 19. Bxb5 Bxb5 20. Nxb5 fxe4 21. fxe4 Rxf1+ 22. Kxf1 Qa6 23. Qc6 Qa4 24. Nxd6 Qd1+ 25. Ne1 cxd6 26. g3 h6 27. b4 Nf6 28. Qc2 Qg4 29. Qe2 Qc8 30. b5 Qxc1 31. b6 Qb1 32. Qa6 Kh7 33. b7 Nd7 34. Kf2 Nc5 35. Qxd6 Nxe4+ 36. Kg2 Nxd6 0-1


[Site "https://www.chess.com"]

[Event "Titled Tuesday Blitz June 14 Early 2022"]
[White "Grischuk, Alexander"]
[Black "Priyanka Nutakki"]
[WhiteFideId "4126025"]
[BlackFideId "25049615"]
[WhiteElo "2762"]
[BlackElo "1912"]
[Result "1-0"]
[Round "01"]
[TimeControl "180+1"]
[Date "2022.06.14"]
[WhiteClock "0:00:33"]
[BlackClock "0:00:05"]

1. d4 d5 2. Nf3 Nf6 3. Bf4 e6 4. Nbd2 Bd6 5. Bg5 Nbd7 6. e4 dxe4 7. Nxe4 Be7 8. Nxf6+ Nxf6 9. Bd3 h6 10. Bh4 c5 11. Qe2 Qa5+ 12. c3 Bd7 13. dxc5 Qxc5 14. Ne5 Bc6 15. Nxc6 bxc6 16. O-O O-O 17. Rad1 Rfd8 18. Bc2 Rd5 19. Bb3 Rxd1 20. Rxd1 Rd8 21. Rxd8+ Bxd8 22. Bg3 Nd5 23. Qa6 Bb6 24. Bc2 Ne7 25. Qe2 Nf5 26. Be5 Qd5 27. Bb3 Qc5 28. g3 a5 29. Bf4 Qe7 30. Bc2 Qc5 31. Be4 a4 32. a3 Ba5 33. Qd2 Bb6 34. Kg2 g5 35. Bb8 Kg7 36. Qe2 Ba7 37. Bxa7 Qxa7 38. Bxc6 Qc5 39. Bxa4 Kf6 40. Bc2 Qd5+ 41. Be4 Qc5 42. Bxf5 exf5 43. Qd3 Qc6+ 44. Kg1 h5 45. b4 h4 46. gxh4 gxh4 47. h3 Kg5 48. Qe3+ Kh5 49. Qf4 Qd5 50. c4 Qd1+ 51. Kg2 Qc2 52. c5 Qd3 53. Qf3+ 1-0


[Site "https://www.chess.com"]

[Event "Titled Tuesday Blitz June 14 Early 2022"]
[White "Gurevich, Dmitry"]
[Black "Fedoseev, Vladimir"]
[WhiteFideId "2000407"]
[BlackFideId "24130737"]
[WhiteElo "2506"]
[BlackElo "2726"]
[Result "0-1"]
[Round "01"]
[TimeControl "180+1"]
[Date "2022.06.14"]
[WhiteClock "0:00:15"]
[BlackClock "0:01:32"]

1. d4 c6 2. Bf4 d5 3. e3 Qb6 4. b3 Bf5 5. Nf3 e6 6. Be2 Be7 7. O-O Nd7 8. c4 Ngf6 9. c5 Qd8 10. Nc3 Nh5 11. h3 Nxf4 12. exf4 O-O 13. Qd2 a5 14. a3 b6 15. b4 Qc7 16. Kh2 Qa7 17. Ra2 Rfb8 18. g3 h6 19. Rc1 bxc5 20. bxc5 Qc7 21. Bd3 Bxd3 22. Qxd3 Rb3 23. Rb1 a4 24. Qc2 Rab8 25. Nd2 Rxb1 26. Ndxb1 g5 27. fxg5 hxg5 28. Qxa4 e5 29. Rd2 Bf6 30. Qd1 exd4 31. Ne2 Nxc5 32. Nxd4 Ne4 33. Qf3 Rxb1 0-1


[Site "https://www.chess.com"]

[Event "Titled Tuesday Blitz June 14 Early 2022"]
[White "Hakobyan, Aram"]
[Black "Bethke, Richard"]
[WhiteFideId "13306677"]
[BlackFideId "12959243"]
[WhiteElo "2557"]
[BlackElo "2514"]
[Result "1-0"]
[Round "01"]
[TimeControl "180+1"]
[Date "2022.06.14"]
[WhiteClock "0:01:18"]
[BlackClock "0:00:19"]

1. d4 Nf6 2. Nf3 d5 3. c3 c5 4. dxc5 a5 5. c4 e6 6. Be3 Na6 7. cxd5 Nxd5 8. Bd4 Nxc5 9. e3 Ne4 10. Bd3 Bb4+ 11. Ke2 Nef6 12. a3 Bd6 13. Nc3 Nxc3+ 14. Bxc3 O-O 15. Qc2 h6 16. Rhd1 Nd5 17. Kf1 Qc7 18. Rac1 Nxc3 19. Qxc3 Qxc3 20. Rxc3 Rd8 21. Be4 Be7 22. Rxd8+ Bxd8 23. Ne5 Bf6 24. f4 Rb8 25. Rc7 Bd8 26. Rxf7 b5 27. Ra7 Bb6 28. Re7 Kf8 29. Ng6+ Kg8 30. Re8+ 1-0


[Site "https://www.chess.com"]

[Event "Titled Tuesday Blitz June 14 Early 2022"]
[White "Ingebretsen, Jens E"]
[Black "Matlakov, Maxim"]
[WhiteFideId "1522965"]
[BlackFideId "4168003"]
[WhiteElo "2036"]
[BlackElo "2669"]
[Result "0-1"]
[Round "01"]
[TimeControl "180+1"]
[Date "2022.06.14"]
[WhiteClock "0:00:17"]
[BlackClock "0:01:33"]

1. c4 c5 2. Nf3 Nf6 3. Nc3 e6 4. d4 cxd4 5. Nxd4 d5 6. cxd5 Nxd5 7. Bd2 Nf6 8. Bg5 Be7 9. e3 h6 10. Bh4 O-O 11. Be2 Qb6 12. Qb3 Qxb3 13. axb3 Bd7 14. Bf3 Nc6 15. Nxc6 Bxc6 16. Bxc6 bxc6 17. Ra6 Rfb8 18. Rxc6 Rxb3 19. O-O Rxb2 20. Rc1 a5 21. Na4 Rb4 22. Nb6 Rd8 23. h3 Rxh4 0-1


[Site "https://www.chess.com"]

[Event "Titled Tuesday Blitz June 14 Early 2022"]
[White "Jobava, Baadur"]
[Black "Richter, Nils"]
[WhiteFideId "13601520"]
[BlackFideId "12990809"]
[WhiteElo "2617"]
[BlackElo "2311"]
[Result "1-0"]
[Round "01"]
[TimeControl "180+1"]
[Date "2022.06.14"]
[WhiteClock "0:02:36"]
[BlackClock "0:00:54"]

1. b3 e5 2. Bb2 Nc6 3. Nf3 e4 4. Nd4 Nf6 5. e3 Bc5 6. Nf5 O-O 7. g4 d6 8. g5 Bxf5 9. gxf6 g6 10. h4 Ne5 11. Bxe5 dxe5 12. Bh3 Qxf6 13. Bxf5 gxf5 14. Nc3 c6 15. Rg1+ Kh8 16. Qh5 Rg8 17. O-O-O Rxg1 18. Rxg1 Rg8 19. Rxg8+ Kxg8 20. Ne2 Qg6 21. Ng3 Qxh5 22. Nxh5 Be7 23. Ng3 Bxh4 24. Nxf5 Bxf2 25. Kd1 h5 26. Ke2 Bg1 27. Kf1 Bh2 28. Kg2 Bf4 29. exf4 exf4 30. Nd6 f5 31. Nxf5 Kf7 32. Nd6+ Kg6 33. Nxe4 Kf5 34. Kf3 h4 35. Nf2 1-0


[Site "https://www.chess.com"]

[Event "Titled Tuesday Blitz June 14 Early 2022"]
[White "Kollars, Dmitrij"]
[Black "Espinosa Veloz, Ermes"]
[WhiteFideId "12909572"]
[BlackFideId "3507424"]
[WhiteElo "2584"]
[BlackElo "2333"]
[Result "1-0"]
[Round "01"]
[TimeControl "180+1"]
[Date "2022.06.14"]
[WhiteClock "0:00:07"]
[BlackClock "0:00:01"]

1. d4 d5 2. g3 Nf6 3. Bg2 g6 4. c4 Bg7 5. Nf3 O-O 6. O-O Nc6 7. cxd5 Nxd5 8. e3 Nb6 9. Nc3 e5 10. d5 Nb4 11. e4 c6 12. a3 Na6 13. dxc6 bxc6 14. Qc2 Be6 15. Rd1 Qe7 16. b3 Nc5 17. Rb1 Rfd8 18. Be3 Rxd1+ 19. Nxd1 Nxe4 20. Nxe5 Bxe5 21. Bxe4 Rc8 22. Bc5 Qf6 23. Ne3 Nd5 24. Re1 Nc3 25. Bg2 Bd4 26. Bxd4 Qxd4 27. Rc1 Nd5 28. Qd1 Qxd1+ 29. Nxd1 a5 30. Nc3 Rb8 31. Nxd5 Bxd5 32. Bxd5 cxd5 33. Rc3 Kg7 34. Kf1 Kf6 35. Ke2 Ke5 36. Kd2 h5 37. Kc2 Rb5 38. a4 Rb4 39. Rc5 Re4 40. Kd3 Rb4 41. Rb5 Rd4+ 42. Kc3 Rd1 43. Rxa5 Rf1 44. Ra8 Rxf2 45. a5 d4+ 46. Kd3 Rf3+ 47. Kc2 d3+ 48. Kd2 Kd4 49. Rd8+ Ke4 50. a6 Rf2+ 51. Kc3 Rc2+ 52. Kb4 Ra2 53. Kb5 Ke3 54. b4 d2 55. Kb6 Ke2 56. b5 d1=Q 57. Rxd1 Kxd1 58. a7 f5 59. Kb7 g5 60. b6 f4 61. gxf4 gxf4 62. Kc8 f3 63. b7 f2 64. b8=Q 1-0


[Site "https://www.chess.com"]

[Event "Titled Tuesday Blitz June 14 Early 2022"]
[White "Le, Tuan Minh"]
[Black "Karavade, Eesha"]
[WhiteFideId "12401153"]
[BlackFideId "5012600"]
[WhiteElo "2530"]
[BlackElo "2258"]
[Result "1-0"]
[Round "01"]
[TimeControl "180+1"]
[Date "2022.06.14"]
[WhiteClock "0:02:00"]
[BlackClock "0:01:31"]

1. d4 Nf6 2. Nf3 d5 3. Bf4 c5 4. c3 Nc6 5. e3 Qb6 6. Qc2 Bf5 7. dxc5 Bxc2 8. cxb6 axb6 9. Na3 Bf5 10. Nb5 Kd7 11. Be2 h6 12. O-O e6 13. a3 g5 14. Bc7 Ra6 15. Ne5+ Nxe5 16. Bxe5 Be7 17. Nd4 Raa8 18. Nxf5 exf5 19. Bd4 Bd8 20. c4 Re8 21. cxd5 Nxd5 22. Bb5+ 1-0


[Site "https://www.chess.com"]

[Event "Titled Tuesday Blitz June 14 Early 2022"]
[White "Manukian, Artak"]
[Black "Dubov, Daniil"]
[WhiteFideId "13301373"]
[BlackFideId "24126055"]
[WhiteElo "2549"]
[BlackElo "2791"]
[Result "0-1"]
[Round "01"]
[TimeControl "180+1"]
[Date "2022.06.14"]
[WhiteClock "0:00:18"]
[BlackClock "0:00:18"]

1. e4 e5 2. Nf3 Nc6 3. d4 exd4 4. Nxd4 Nf6 5. Nxc6 bxc6 6. e5 Qe7 7. Qe2 Nd5 8. c4 Nb6 9. b3 Qe6 10. Nc3 Bb4 11. Bb2 O-O 12. O-O-O a5 13. a4 Rb8 14. f4 d5 15. exd6 cxd6 16. Qxe6 Bxe6 17. Bd3 d5 18. f5 dxc4 19. fxe6 cxd3 20. exf7+ Rxf7 21. Rxd3 Rf2 22. Rd2 Rxd2 23. Kxd2 Nd5 24. Re1 Bxc3+ 25. Bxc3 Rxb3 26. Bxa5 Rb2+ 27. Kd3 Rxg2 28. Ra1 Rxh2 29. Bd8 Kf7 30. a5 Ke8 31. Bg5 Nb4+ 32. Kc4 Na6 33. Rb1 Rh5 34. Bd2 Rc5+ 35. Kd3 Rd5+ 36. Ke2 Rb5 37. Rg1 g6 38. Kd3 Nc5+ 39. Kc4 Nb3 40. Re1+ Kd7 41. Rd1 Nxd2+ 42. Rxd2+ Rd5 43. Ra2 Kc7 44. a6 Kb8 45. a7+ Ka8 46. Ra6 Rd7 47. Rxc6 Kxa7 48. Rf6 Kb7 49. Kc5 Kc7 50. Rc6+ Kd8 51. Rf6 Ke7 52. Rf2 h5 53. Rf4 Ke6 54. Rf8 h4 55. Kc4 g5 56. Kc3 Ke5 57. Kc2 h3 0-1


[Site "https://www.chess.com"]

[Event "Titled Tuesday Blitz June 14 Early 2022"]
[White "Mogranzini, Roberto"]
[Black "Oparin, Grigoriy"]
[WhiteFideId "810894"]
[BlackFideId "24125890"]
[WhiteElo "2469"]
[BlackElo "2639"]
[Result "1/2-1/2"]
[Round "01"]
[TimeControl "180+1"]
[Date "2022.06.14"]
[WhiteClock "0:00:11"]
[BlackClock "0:00:23"]

1. Nf3 Nf6 2. c4 g6 3. g3 Bg7 4. Bg2 c6 5. O-O d5 6. b3 Ne4 7. d4 O-O 8. Bb2 a5 9. Nc3 Bf5 10. cxd5 cxd5 11. Rc1 Nc6 12. e3 Nxc3 13. Bxc3 Be4 14. Re1 Nb4 15. Bxb4 axb4 16. Qd2 Qa5 17. Ng5 Bf5 18. Rc5 Qxa2 19. Qxb4 e6 20. Rc7 Qa5 21. Qxa5 Rxa5 22. Rxb7 h6 23. Nf3 Rc8 24. Nh4 Bd3 25. Bf1 Be4 26. Bg2 Ra2 27. Bxe4 dxe4 28. Ng2 Rcc2 29. Rf1 g5 30. h4 Bf6 31. hxg5 hxg5 32. b4 Kg7 33. b5 Kg6 34. Rb8 Kf5 35. Rf8 Kg6 36. Rg8+ Bg7 37. Rb8 Rab2 38. b6 Rc6 39. b7 Rc7 40. Ra1 Rcxb7 41. Rxb7 Rxb7 42. Rc1 Kf5 43. Ne1 Kg4 44. Kg2 Bf8 45. Rc8 Be7 46. Nc2 f5 47. Rc6 Rb2 48. Rc7 Bd8 49. Rc8 Ba5 50. Rc5 Bd2 51. Rc6 Ra2 52. Rc4 Ba5 53. Rc5 Bb6 54. Rc6 Ba5 55. Rc5 Bd2 56. Rc6 f4 57. gxf4 gxf4 58. exf4 Bxf4 59. Rc3 Rb2 60. Ne3+ Bxe3 61. Rxe3 Kf4 62. Rh3 Rd2 63. Rh4+ Kf5 64. Kf1 Rxd4 65. Ke2 Ra4 66. Rh5+ Kf4 67. Rh4+ Ke5 68. Rh8 Ra2+ 69. Ke3 Ra3+ 70. Ke2 Rc3 71. Rd8 Rc5 72. Rf8 Rd5 73. Rh8 Kd4 74. Ra8 Rc5 75. Ra4+ Rc4 76. Ra2 Rc3 77. Rd2+ Ke5 78. Ra2 Kf4 79. Rb2 e5 80. Ra2 Rh3 81. Ra8 e3 82. Rf8+ Ke4 83. f3+ Kd4 84. Rd8+ Kc5 85. Kxe3 Rh4 86. Rg8 Kd6 87. Rg4 Rxg4 88. fxg4 Ke6 89. Ke4 Kf6 90. g5+ Kxg5 91. Kxe5 1/2-1/2


[Site "https://www.chess.com"]

[Event "Titled Tuesday Blitz June 14 Early 2022"]
[White "Omariev, Maksim"]
[Black "Moiseenko, Alexander"]
[WhiteFideId "4193423"]
[BlackFideId "14102560"]
[WhiteElo "2493"]
[BlackElo "2577"]
[Result "0-1"]
[Round "01"]
[TimeControl "180+1"]
[Date "2022.06.14"]
[WhiteClock "0:00:03"]
[BlackClock "0:00:18"]

1. g4 e5 2. Bg2 d5 3. d4 e4 4. h3 f5 5. c4 c6 6. Nc3 Bb4 7. Qb3 a5 8. cxd5 cxd5 9. a3 Bxc3+ 10. bxc3 a4 11. Qb2 Nc6 12. Bf4 Nge7 13. e3 O-O 14. Ne2 fxg4 15. hxg4 Bxg4 16. Qxb7 Bxe2 17. Kxe2 Rxf4 18. exf4 Rb8 19. Qa6 Rb2+ 20. Kf1 Qb8 21. Kg1 Qxf4 22. Rf1 h6 23. Rh3 Kh7 24. Qxa4 Rb8 25. Qc2 Nf5 26. a4 Na5 27. Qc1 Qg4 28. f3 exf3 29. Rfxf3 Nc4 30. Qf4 Rb1+ 31. Kh2 Qxf4+ 32. Rxf4 Nfe3 33. Bf3 Rb2+ 34. Kg3 g5 35. Rf7+ Kg6 36. Rd7 Nf5+ 37. Kg4 Nce3# 0-1


[Site "https://www.chess.com"]